 Dungeon Crawl Stone Soup version 0.31-a0-466-g98c9adc2b6 (webtiles) character file.

Game seed: 7456644705858139105

55 avis the Scratcher (level 3, -11/16 HPs)
             Began as a Felid Shapeshifter on Aug 6, 2023.
             Mangled by Sigmund
             ... wielding a +4 scythe of venom
              (12 damage)
             ... on level 2 of the Dungeon.
             The game lasted 00:08:04 (1532 turns).

avis the Scratcher (Felid Shapeshifter)             Turns: 1532, Time: 00:08:05

Health: -11/16     AC:  1    Str: 13    XL:     3   Next: 67%
Magic:  1/4        EV: 18    Int:  9    God:
Gold:   83         SH:  0    Dex: 16    Spells: 1/2 levels left
                                        Lives:  0   Deaths: 0

rFire   . .          .
                       - Unarmed
rCold   . . .        (shield unavailable)
rNeg    . . .        (body armour unavailable)
rPois   .            (helmet unavailable)
rElec   .            (cloak unavailable)
rCorr   .            (gloves unavailable)
SInv    +            (boots unavailable)
Will    .....        (no amulet)
Stlth   +            (no ring)
HPRegen 0.22/turn    (no ring)
MPRegen 0.09/turn

%: no passive effects
@: lethally poisoned (-11 -> -24), beast-form, very slightly contaminated, quick
A: beast (slay +2), very small, claws 1, fangs 3, see invisible, speed 1, shaggy
fur 1, stealthy paws, no weapons or thrown items, no armour, multi-lived
a: Begin Untransformation


You were on level 2 of the Dungeon.
You were a hulking beast.
You visited 1 branch of the dungeon, and saw 2 of its levels.

You collected 83 gold pieces.

Inventory:

Talismans
 b - a beast talisman (active)
Scrolls
 d - a scroll of amnesia {unknown}
 e - 3 scrolls of identify {unknown}
 h - a scroll of teleportation {unknown}
Potions
 a - a potion of lignification
 c - a potion of enlightenment {unknown}
 f - a potion of heal wounds {unknown}
 g - 2 potions of curing {unknown}


   Skills:
 * Level 2.3 Fighting
 + Level 3.3 Dodging
 * Level 3.7 Unarmed Combat
 + Level 3.3 Shapeshifting


You had one spell level left.
You knew the following spells:

 Your Spells              Type           Power      Damage    Failure   Level
a - Summon Small Mammal   Summ           0%         N/A       38%         1

Your spell library contained the following spells:

 Spells                   Type           Power      Damage    Failure   Level
 Apportation              Tloc           0%         N/A       38%         1
 Necrotise                Necr           0%         1d4       38%         1
 Sublimation of Blood     Necr           0%         N/A       52%         2
 Wereblood                Tmut           0%         N/A       52%         2
 Inner Flame              Hex/Fire       0%         N/A       77%         3
 Flame Wave               Conj/Fire      0%         2d4       99%         4
 Sticky Flame             Conj/Fire      0%         2d3       99%         4
 Summon Hydra             Summ           0%         N/A       100%        7


Dungeon Overview and Level Annotations

Branches:
Dungeon (2/15)

Altars:

Annotations:
D:2 Sigmund


Innate Abilities, Weirdness & Mutations

You are a hulking beast.
Your limbs bulge with bestial killing power. (Slay +2)
You have sharp claws.
You have razor-sharp teeth.
You have supernaturally acute eyesight. (SInv)
You cover ground quickly. (Speed+)
You are covered in fur. (AC +1)
Your paws help you pounce on unaware monsters.
You are incapable of wielding weapons or throwing items.
You cannot wear armour.
You gain extra lives every three experience levels.


Message History

You finish memorising.
Spell assigned to 'a'.
Casting: Summon Small Mammal (safe; 38% risk of failure)
Confirm with . or Enter, or press ? or * to list all spells.
Casting: Summon Small Mammal (safe; 38% risk of failure)
Confirm with . or Enter, or press ? or * to list all spells.
You miscast Summon Small Mammal.
You are very lightly contaminated with residual magic.
Nothing appears to happen.
You swap places.
Sigmund points at you and mumbles some strange words.
You resist with some effort.
Casting: Summon Small Mammal (safe; 38% risk of failure)
Confirm with . or Enter, or press ? or * to list all spells.
Sigmund mumbles some strange words.
Sigmund flickers and vanishes for a moment.
What are your orders? t - Meow!
Orders for allies: a - Attack new target. r - Retreat! s - Stop attacking. g - Guard the area. f - Follow me.
Anything else - Cancel.
Gang up on whom?
Press: ? - help, Dir - move target, f - Sigmund
Aim: Sigmund, wielding a +4 scythe of venom and wearing a +0 robe (slightly transparent, ally target) Attack!
Sigmund is invisible, and your rat can't see him.
Your bat hits Sigmund but does no damage.
You scratch Sigmund.
Sigmund is lightly wounded.
Your bat hits Sigmund but does no damage. x2
Sigmund hits you with a +4 scythe of venom!
Ouch! That really hurt!
* * * LOW HITPOINT WARNING * * *
You are lethally poisoned!
* * * LOW HITPOINT WARNING * * *
You feel very sick.
Your bat barely misses Sigmund.
Sigmund hits you from afar with a +4 scythe of venom!
Ouch! That really hurt!
You die...

#.. #...[.... ..#
#........
..##.......##
...........# .
##.#....##..#
#..##...b...##..#
#.....#.@...#...#
##.r...##.#.#
#..h#####.#.##
#.....#.## #.#..#
#...###..# #.##.#
... ##.# ##.##.###
# .# #.# #..##...#
# ##.###.#####.##
#
#.........##..####
#........>###...##
#.........##......


You could see Sigmund (invisible, ally target), a friendly bat (summoned) and a
friendly rat (summoned).

Vanquished Creatures
  2 adders
  4 ball pythons
  6 endoplasms
  2 giant cockroaches
  4 goblins
  2 hobgoblins
  5 kobolds (D:1)
  A quokka (D:1)
  3 bats
  A frilled lizard (D:1)
  6 rats
36 creatures vanquished.

Notes
Turn   | Place    | Note
-------+----------+-------------------------------------------
     0 | D:1      | avis the Felid Shapeshifter began the quest for the Orb.
     0 | D:1      | Reached XP level 1. HP: 9/9 MP: 2/2
   326 | D:1      | Reached XP level 2. HP: 8/12 MP: 3/3
  1110 | D:2      | Reached XP level 3. HP: 15/16 MP: 4/4
  1126 | D:2      | Noticed Sigmund
  1525 | D:2      | Learned a level 1 spell: Summon Small Mammal
  1532 | D:2      | Mangled by Sigmund

Illustrated notes

Levels and vault maps discovered:
D:1:      dpeg_arrival_three_same_balls, layout_loops_corners,
          hangedman_decor_push, hex_medium, minmay_tromino_v7
D:2:      layout_rooms, basic_altar, minmay_fractal_squares_5, uniq_sigmund

Skill      XL: |  1  2 |
---------------+-------+-----
Dodging        | 3 |  3.3
Fighting       | 2 |  2.3
Unarmed Combat | |  3.7
Shapeshifting  | |  3.3

Action                     || total
---------------------------++-------
  Melee: Unarmed           ||    72
         Punch             ||     3
         Bite              ||     5
   Cast: Summon Small Mamm ||     2
   Stab: Sleeping          ||     4
 Armour: Skin              ||     4
  Dodge: Dodged            ||    42

Table legend: (Time is in decaauts)
 A = Elapsed time spent in this place.
 B = Non-inter-level travel time spent in this place.
 C = Inter-level travel time spent in this place.
 D = Time resting spent in this place.
 E = Time spent auto-exploring this place.
 F = Levels seen in this place.
 G = Mean time per level.
                   A        B        C        D        E       F      G
               +--------+--------+--------+--------+--------+-----+--------+
         Total |   1283 |   1059 |    224 |    147 |    621 |   2 |  641.5 |
       Dungeon |   1283 |   1059 |    224 |    147 |    621 |   2 |  641.5 |
               +--------+--------+--------+--------+--------+-----+--------+

Top non-repeatable levels by time:
     D:1: 1154 daAuts
     D:2: 128 daAuts
